Map: Orbital Shipyard

Players

Miszu

  • Race: Terran Terran
  • League: Master

Fuzer - Winner!

  • Race: Terran Terran
  • League: Grandmaster

VOD

Have the link to the VOD?

Description

Time

  • Played on: March 14, 2016, 5:25 p.m.
  • Length: 7:17
Show
View Real Time Build Order
Export as new Build Order

Miszu Terran 

Build Orders:  

Get SALT Encoding   

  12  0:01  SCV  
  13  0:13  SCV  
  14  0:20  Supply Depot  
  14  0:25  SCV  
  15  0:42  SCV  
  16  0:44  Barracks  
  16  0:47  Refinery  
  16  0:53  Refinery  
  16  0:54  SCV  
  17  1:06  SCV  
  18  1:18  SCV  
  19  1:32  Orbital Command  
  19  1:33  Barracks Reactor  
  19  1:45  Factory  
  19  1:47  Supply Depot  
  19  1:59  SCV  
  20  2:09  Marine x2  
  20  2:11  SCV  
  23  2:23  SCV  
  23  2:26  Marine  
  23  2:27  Marine  
  26  2:33  Starport, Factory Tech Lab  
  26  2:35  SCV  
  27  2:44  Marine  
  27  2:45  Supply Depot  
  27  2:47  SCV  
  29  3:00  SCV  
  29  3:05  Marine  
  31  3:07  Marine  
  31  3:10  Medivac  
  31  3:11  Siege Tank  
  31  3:12  SCV  
  38  3:24  Supply Depot  
  38  3:25  SCV  
  39  3:45  SCV  
  40  3:52  Command Center  
  40  3:53  Viking  
  42  3:58  Supply Depot, SCV  
  44  4:09  Engineering Bay  
  44  4:12  Cyclone  
  47  4:18  SCV  
  47  4:23  Barracks Tech Lab  
  47  4:24  Supply Depot  
  47  4:49  Marine  
  47  4:50  SCV  
  48  4:53  Missile Turret  
  44  5:03  SCV  
  43  5:07  Orbital Command  
  43  5:12  Missile Turret  
  43  5:15  SCV  
  43  5:27  SCV  
  40  5:33  SCV  
  40  5:35  Marine  
  40  5:39  SCV  
  40  5:42  Barracks  
  42  5:45  Barracks  
  42  5:48  Starport Reactor  
  42  5:49  SCV  
  43  5:51  SCV  
  44  6:01  SCV  
  44  6:03  SCV  
  45  6:10  Marine  
  46  6:14  SCV  
  46  6:15  SCV  
  48  6:26  SCV  
  48  6:27  SCV  
  48  6:28  Marine  
  48  6:32  Command Center  
  51  6:34  Refinery  
  51  6:38  SCV  
  51  6:39  SCV  
  53  6:40  Siege Tank  
  53  6:41  Medivac  
  58  6:50  SCV  
  58  6:51  SCV  
  60  6:56  Supply Depot, Marine  
  61  7:02  SCV  
  61  7:03  Barracks Tech Lab  
  61  7:04  SCV  
  65  7:09  Barracks  
  65  7:12  Barracks  
Show
View Real Time Build Order
Export as new Build Order

Fuzer Terran - Winner!

Build Orders: 1/1/1, Banshee Rush 

Get SALT Encoding   

  12  0:01  SCV  
  13  0:13  SCV  
  14  0:18  Supply Depot  
  14  0:25  SCV  
  15  0:28  Refinery  
  15  0:40  SCV  
  16  0:44  Barracks  
  16  0:52  SCV  
  18  1:04  SCV  
  18  1:16  SCV  
  19  1:28  SCV  
  20  1:37  Marine  
  20  1:39  Factory  
  21  1:40  Orbital Command  
  21  1:50  Supply Depot  
  21  1:55  Marine  
  22  2:06  SCV  
  23  2:11  Command Center  
  23  2:16  Marine  
  23  2:19  SCV  
  25  2:28  Starport  
  25  2:31  Hellion  
  25  2:34  SCV  
  28  2:41  Barracks Tech Lab  
  28  2:43  Refinery  
  28  2:46  SCV  
  29  2:55  Supply Depot  
  29  2:58  SCV  
  30  3:09  Cloaking Field  
  30  3:10  SCV  
  29  3:21  Banshee  
  29  3:23  SCV, Orbital Command  
  33  3:35  SCV  
  34  3:47  Command Center  
  34  3:48  SCV  
  35  3:49  SCV  
  36  3:55  Factory Tech Lab  
  36  3:56  Barracks Reactor  
  36  4:00  SCV  
  37  4:03  SCV, Banshee  
  41  4:12  SCV  
  41  4:16  SCV  
  43  4:21  Cyclone  
  46  4:24  Supply Depot, SCV  
  46  4:28  SCV  
  48  4:36  SCV  
  48  4:40  SCV  
  48  4:41  Marine x2  
  49  4:47  Viking  
  49  4:48  SCV  
  49  4:52  SCV  
  51  4:59  Marine x2  
  52  5:00  SCV  
  52  5:04  SCV  
  54  5:12  Orbital Command  
  54  5:13  SCV  
  55  5:32  SCV  
  55  5:33  Marine x2  
  55  5:34  Siege Tank  
  55  5:35  SCV  
  59  5:38  SCV  
  60  5:44  High Capacity Fuel Tanks, SCV  
  60  5:47  SCV  
  60  5:48  Barracks  
  60  5:49  Barracks  
  62  5:50  SCV  
  62  5:55  Banshee  
  62  5:56  SCV  
  67  6:03  Marine x2  
  69  6:04  SCV  
  69  6:10  SCV  
  71  6:12  Siege Tank  
  71  6:17  SCV  
  75  6:18  SCV  
  75  6:22  SCV  
  77  6:26  Barracks  
  77  6:28  Barracks x2  
  77  6:29  SCV  
  77  6:30  SCV  
  77  6:31  Refinery  
  77  6:32  Refinery  
  76  6:37  Barracks Tech Lab x2  
  76  6:38  Supply Depot  
  77  6:40  Barracks Reactor  
  77  6:42  SCV  
  77  6:50  Supply Depot x2  
  77  6:52  Supply Depot  
  77  6:59  Marine x2, SCV x3  
  77  7:01  Supply Depot, Refinery  
  85  7:02  Supply Depot  
Tags
 
Add a new tag
Caveats
  • Supply blocks, unpowered buildings, or Contaminate may cause inaccurate times.
  • Supply counts are checked every 10 seconds.